General information
- name: BNet
- type: Ladder team game (AT/RT)
- host: Battle.net
- saver: TheLastStabber
map: FullScaleAssault
- players: 8
- length: 13:06
- speed: Fast
- version: 1.28 W3XP
- replay type: Public
» download(123 KB)
Players
team 1 (winner)
MrExploder (
yellow | 85 APM | 1109 actions | 13:06)
4 Demon Hunter
2 Mana Burn
2 Evasion
» actions
| Assign group hotkey | 22 | |
| Basic commands | 11 | |
| Build / train | 52 | |
| ESC pressed | 7 | |
| Enter build submenu | 23 | |
| Enter hero's abilities submenu | 4 | |
| Give item / drop item | 2 | |
| Right click | 533 | |
| Select / deselect | 288 | |
| Select group hotkey | 119 | |
| Use ability | 48 | |
1109 total
» units
| Wisp | 23 | |
| Huntress | 9 | |
| Druid of the Claw | 4 | |
36 total
» upgrades
| Ultravision | 1 | |
| Strength of the Moon | 1 | |
| Druid of the Claw Training | 2 | |
| Abolish Magic | 1 | |
5 total
» buildings
| Altar of Elders | 1 | |
| Moon Well | 6 | |
| Hunter's Hall | 1 | |
| Ancient of War | 1 | |
| Tree of Ages | 2 | |
| Ancient of Wonders | 1 | |
| Tree of Life | 2 | |
| Tree of Eternity | 2 | |
| Ancient of Lore | 2 | |
| Ancient Protector | 3 | |
21 total
» build order
00:11 Altar of Elders
00:16 Moon Well
01:09 Hunter's Hall
01:44 Ancient of War
02:05 Moon Well
02:25 Moon Well
03:39 Tree of Ages
03:39 Tree of Ages
04:00 Ancient of Wonders
04:50 Moon Well
06:29 Tree of Life
07:08 Tree of Eternity
07:08 Tree of Eternity
08:15 Ancient of Lore
08:17 Ancient of Lore
09:13 Moon Well
09:27 Ancient Protector
09:29 Moon Well
09:33 Ancient Protector
09:42 Ancient Protector
10:56 Tree of Life
» items
| Boots of Speed | 1 | |
| Moonstone | 1 | |
2 total

»
8Peto8-svk (
blue | 52 APM | 681 actions | 13:06)
3 Archmage
2 Summon Water Elemental
1 Brilliance Aura
3 Tauren Chieftain
2 Endurance Aura
1 Shockwave
2 Paladin
1 Holy Light
1 Devotion Aura
1 Shadow Hunter
1 Hex
» actions
| Assign group hotkey | 35 | |
| Build / train | 63 | |
| Enter build submenu | 29 | |
| Enter hero's abilities submenu | 9 | |
| Give item / drop item | 2 | |
| Remove unit from queue | 3 | |
| Right click | 188 | |
| Select / deselect | 222 | |
| Select group hotkey | 69 | |
| Use ability | 61 | |
681 total
» units
| Peon | 14 | |
| Peasant | 2 | |
| Grunt | 5 | |
| Goblin Shredder | 2 | |
| Goblin Zeppelin | 1 | |
| Gryphon Rider | 5 | |
| Shaman | 2 | |
31 total
» upgrades
| Armor | 3 | |
| Swords | 1 | |
| Lumber Harvesting | 2 | |
| Masonry | 2 | |
| Berserker Strength | 1 | |
| Storm Hammers | 1 | |
| Animal War Training | 1 | |
| Shaman Training | 2 | |
13 total
» buildings
| Orc Burrow | 7 | |
| Altar of Storms | 1 | |
| War Mill | 1 | |
| Barracks | 1 | |
| Lumber Mill | 2 | |
| Voodoo Lounge | 1 | |
| Keep | 1 | |
| Farm | 4 | |
| Blacksmith | 1 | |
| Stronghold | 1 | |
| Castle | 1 | |
| Gryphon Aviary | 2 | |
| Town Hall | 1 | |
| Scout Tower | 4 | |
| Fortress | 1 | |
| Spirit Lodge | 2 | |
| Great Hall | 2 | |
| Guard Tower | 0 | |
| Arcane Vault | 1 | |
| Tauren Totem | 4 | |
38 total
» build order
00:16 Orc Burrow
01:06 Orc Burrow
01:18 Altar of Storms
01:38 War Mill
01:47 Barracks
02:27 Lumber Mill
02:32 Lumber Mill
02:43 Orc Burrow
03:19 Voodoo Lounge
03:29 Keep
03:36 Farm
04:07 Blacksmith
04:11 Farm
05:24 Stronghold
05:38 Farm
06:03 Castle
06:08 Gryphon Aviary
06:09 Gryphon Aviary
06:24 Orc Burrow
06:54 Farm
07:33 Orc Burrow
08:02 Town Hall
08:10 Scout Tower
08:10 Scout Tower
08:11 Scout Tower
08:12 Scout Tower
08:25 Fortress
08:28 Spirit Lodge
08:29 Spirit Lodge
08:37 Great Hall
08:54 Orc Burrow
09:17 Guard Tower
09:22 Guard Tower
10:04 Orc Burrow
10:37 Great Hall
12:41 Arcane Vault
12:59 Tauren Totem
12:59 Tauren Totem
13:00 Tauren Totem
13:04 Tauren Totem

»
lake101 (
teal | 0 APM | 0 actions | 00:17)
troooll (
orange | 78 APM | 1023 actions | 13:06)
4 Demon Hunter
2 Mana Burn
2 Evasion
3 Priestess of the Moon
2 Trueshot Aura
1 Scout
» actions
| Assign group hotkey | 24 | |
| Basic commands | 1 | |
| Build / train | 59 | |
| ESC pressed | 4 | |
| Enter build submenu | 21 | |
| Enter hero's abilities submenu | 8 | |
| Give item / drop item | 4 | |
| Remove unit from queue | 2 | |
| Right click | 377 | |
| Select / deselect | 231 | |
| Select group hotkey | 237 | |
| Use ability | 55 | |
1023 total
» units
| Wisp | 18 | |
| Peasant | 9 | |
| Archer | 6 | |
| Hippogryph | 6 | |
| Blue Drake | 1 | |
| Goblin Shredder | 1 | |
41 total
» upgrades
| Strength of the Wild | 1 | |
| Improved Bows | 1 | |
| Reinforced Hides | 1 | |
3 total
» buildings
| Altar of Elders | 1 | |
| Moon Well | 6 | |
| Ancient of War | 2 | |
| Altar of Kings | 1 | |
| Farm | 4 | |
| Barracks | 1 | |
| Scout Tower | 1 | |
| Tree of Life | 2 | |
| Tree of Ages | 1 | |
| Hunter's Hall | 1 | |
| Ancient of Wind | 2 | |
| Tree of Eternity | 1 | |
| Chimaera Roost | 2 | |
25 total
» build order
00:11 Altar of Elders
00:20 Moon Well
00:29 Ancient of War
00:46 Altar of Kings
01:03 Farm
01:06 Farm
01:37 Barracks
01:53 Ancient of War
02:07 Moon Well
02:21 Farm
02:22 Farm
02:27 Scout Tower
03:12 Tree of Life
03:32 Tree of Life
03:47 Moon Well
04:45 Tree of Ages
05:39 Hunter's Hall
07:08 Ancient of Wind
07:09 Tree of Eternity
07:12 Ancient of Wind
08:09 Moon Well
08:14 Moon Well
08:16 Moon Well
11:12 Chimaera Roost
12:02 Chimaera Roost
» items
| Periapt of Vitality | 1 | |
| Potion of Lesser Invulnerability | 1 | |
2 total
team 2 (loser)
AFK-BOT-666 (
green | 62 APM | 815 actions | 13:06)
4 Mountain King
2 Storm Bolt
2 Bash
» actions
| Assign group hotkey | 38 | |
| Basic commands | 1 | |
| Build / train | 61 | |
| Enter build submenu | 17 | |
| Enter hero's abilities submenu | 4 | |
| Right click | 334 | |
| Select / deselect | 125 | |
| Select group hotkey | 186 | |
| Use ability | 49 | |
815 total
» units
| Peasant | 18 | |
| Footman | 9 | |
| Rifleman | 3 | |
| Mur'gul Snarecaster | 2 | |
32 total
» upgrades
| Masonry | 1 | |
| Gunpowder | 2 | |
| Swords | 1 | |
| Defend | 1 | |
| Plating | 1 | |
| Armor | 1 | |
| Lumber Harvesting | 1 | |
8 total
» buildings
| Barracks | 2 | |
| Farm | 8 | |
| Altar of Kings | 1 | |
| Lumber Mill | 2 | |
| Scout Tower | 5 | |
| Arcane Tower | 2 | |
| Town Hall | 1 | |
| Guard Tower | 4 | |
| Keep | 1 | |
| Blacksmith | 1 | |
| Arcane Vault | 1 | |
| Castle | 1 | |
29 total
» build order
00:21 Barracks
00:36 Farm
00:54 Altar of Kings
01:07 Farm
01:15 Lumber Mill
01:33 Lumber Mill
02:00 Farm
02:07 Scout Tower
02:25 Farm
02:52 Arcane Tower
02:52 Arcane Tower
04:04 Town Hall
04:09 Scout Tower
04:10 Scout Tower
04:11 Scout Tower
04:12 Scout Tower
04:38 Guard Tower
04:42 Guard Tower
05:45 Guard Tower
05:45 Guard Tower
05:52 Keep
05:58 Blacksmith
06:04 Arcane Vault
06:09 Farm
06:24 Barracks
08:04 Farm
08:06 Farm
08:06 Farm
09:24 Castle
» items
| Scroll of Regeneration | 2 | |
| Lesser Clarity Potion | 3 | |
| Scroll of Town Portal | 1 | |
| Rod of Necromancy | 1 | |
7 total
Carbs (
purple | 45 APM | 494 actions | 10:58)
4 Death Knight
2 Death Coil
2 Unholy Aura
1 Lich
1 Frost Nova
» actions
| Assign group hotkey | 5 | |
| Basic commands | 7 | |
| Build / train | 27 | |
| Enter build submenu | 13 | |
| Enter hero's abilities submenu | 5 | |
| Give item / drop item | 1 | |
| Right click | 249 | |
| Select / deselect | 154 | |
| Select group hotkey | 10 | |
| Use ability | 23 | |
494 total
» units
| Acolyte | 3 | |
| Ghoul | 3 | |
| Crypt Fiend | 7 | |
13 total
» upgrades
| Creature Attack | 1 | |
| Creature Carapace | 1 | |
| Web | 1 | |
| Burrow | 1 | |
4 total
» buildings
| Graveyard | 1 | |
| Ziggurat | 7 | |
| Crypt | 1 | |
| Altar of Darkness | 1 | |
| Nerubian Tower | 1 | |
| Tomb of Relics | 1 | |
| Halls of the Dead | 1 | |
| Black Citadel | 1 | |
| Sacrificial Pit | 1 | |
| Necropolis | 1 | |
16 total
» build order
00:13 Graveyard
00:23 Ziggurat
00:29 Ziggurat
00:39 Crypt
01:00 Altar of Darkness
01:21 Ziggurat
01:24 Nerubian Tower
02:14 Tomb of Relics
02:51 Ziggurat
04:41 Halls of the Dead
07:12 Ziggurat
07:14 Ziggurat
07:16 Ziggurat
09:04 Black Citadel
09:07 Sacrificial Pit
09:28 Necropolis
TheLastStabber (
red | 69 APM | 909 actions | 13:06)
3 Paladin
2 Holy Light
1 Divine Shield
» actions
| Assign group hotkey | 25 | |
| Basic commands | 61 | |
| Build / train | 42 | |
| Enter build submenu | 14 | |
| Enter hero's abilities submenu | 3 | |
| Give item / drop item | 2 | |
| Remove unit from queue | 1 | |
| Right click | 260 | |
| Select / deselect | 188 | |
| Select group hotkey | 256 | |
| Use ability | 56 | |
909 total
» units
» upgrades
» buildings
| Altar of Kings | 1 | |
| Barracks | 2 | |
| Farm | 8 | |
| Blacksmith | 1 | |
| Arcane Vault | 1 | |
| Keep | 1 | |
14 total
» build order
00:39 Altar of Kings
00:40 Barracks
00:48 Farm
01:04 Barracks
01:27 Farm
01:49 Farm
02:54 Farm
03:52 Farm
04:22 Farm
04:44 Farm
04:48 Farm
05:29 Blacksmith
05:46 Arcane Vault
07:18 Keep
» items
| Periapt of Vitality | 1 | |
| Scroll of Town Portal | 4 | |
| Staff of Teleportation | 1 | |
6 total
sersure (
pink | 43 APM | 430 actions | 09:55)
3 Crypt Lord
2 Carrion Beetles
1 Impale
» actions
| Assign group hotkey | 21 | |
| Build / train | 35 | |
| Enter build submenu | 24 | |
| Enter hero's abilities submenu | 3 | |
| Give item / drop item | 3 | |
| Right click | 107 | |
| Select / deselect | 117 | |
| Select group hotkey | 87 | |
| Use ability | 33 | |
430 total
» units
| Acolyte | 8 | |
| Ghoul | 2 | |
| Crypt Fiend | 5 | |
| Goblin Shredder | 1 | |
16 total
» upgrades
| Creature Attack | 2 | |
| Creature Carapace | 3 | |
5 total
» buildings
| Graveyard | 2 | |
| Ziggurat | 10 | |
| Altar of Darkness | 1 | |
| Crypt | 5 | |
| Tomb of Relics | 1 | |
| Spirit Tower | 2 | |
| Halls of the Dead | 1 | |
| Black Citadel | 1 | |
23 total
» build order
00:15 Graveyard
00:21 Ziggurat
00:41 Altar of Darkness
01:01 Crypt
01:22 Tomb of Relics
01:34 Ziggurat
02:13 Ziggurat
02:37 Ziggurat
03:13 Ziggurat
04:44 Ziggurat
05:33 Ziggurat
05:37 Ziggurat
05:46 Spirit Tower
06:05 Ziggurat
06:58 Halls of the Dead
07:10 Graveyard
07:44 Spirit Tower
08:06 Ziggurat
09:01 Crypt
09:07 Crypt
09:10 Crypt
09:15 Crypt
09:24 Black Citadel
» items
| Rod of Necromancy | 1 | |
| Sacrificial Skull | 1 | |
| Lesser Clarity Potion | 2 | |
| Scroll of Regeneration | 1 | |
5 total
Chat log
(00:17 / Allies) Carbs: ...
(02:25 / Allies) TheLastStabber: godl
(10:40 / Allies) Carbs: wtf red
(10:45 / All) Carbs: red teamkiller gg
(13:05 / All) TheLastStabber: LIVE FREE OR DIE, SUCKER